 Dungeon Crawl Stone Soup version 0.30-a0-542-ge43150dd35 (webtiles) character file.

Game seed: 230047419787279688

38 Conn the Grave Robber (level 3, -1/21 HPs)
             Began as an Octopode Necromancer on Dec 26, 2022.
             Slain by a goblin
             ... wielding a +0 dagger
             ... led by Robin
              (6 damage)
             ... on level 2 of the Dungeon.
             The game lasted 00:05:35 (1073 turns).

Conn the Grave Robber (Octopode Necromancer)        Turns: 1073, Time: 00:05:36

Health: -1/21      AC:  1    Str:  7    XL:     3   Next: 43%
Magic:  5/6        EV: 13    Int: 19    God:
Gold:   111        SH:  0    Dex: 12    Spells: 6/7 levels left

rFire   . . .      SeeInvis .    d - +0 dagger
rCold   . . .      Faith    .    (no shield)
rNeg    . . .      Spirit   .    (helmet restricted)
rPois   .          Reflect  .    (no amulet)
rElec   .          Harm     .    (no ring)
rCorr   .          Rampage  .    (no ring)
Will    .....                    (no ring)
Stlth   +++                      (no ring)
HPRegen 0.23/turn                (no ring)
MPRegen 0.10/turn                (no ring)
                                 (no ring)
                                 (no ring)

@: no status effects
A: almost no armour, amphibious, 8 rings, camouflage 1, gelatinous body 1,
(nimble swimmer 1), tentacles
a: no special abilities


You were on level 2 of the Dungeon.
You visited 1 branch of the dungeon, and saw 2 of its levels.

You collected 111 gold pieces.

Inventory:

Hand Weapons
 d - a +0 dagger (weapon)
Missiles
 e - 6 datura-tipped darts
Scrolls
 b - 2 scrolls of identify {unknown}
 c - a scroll of silence {unknown}
 f - a scroll of fear {unknown}
 g - a scroll of immolation {unknown}
 h - a scroll of magic mapping {unknown}
Potions
 a - 2 potions of magic


   Skills:
 + Level 2.1 Dodging
 + Level 2.9 Stealth
 + Level 2.5 Spellcasting
 + Level 4.7 Necromancy


You had 6 spell levels left.
You knew the following spells:

 Your Spells              Type           Power      Damage    Failure   Level
a - Necrotise             Necr           80%        1d8       2%          1

Your spell library contained the following spells:

 Spells                   Type           Power      Damage    Failure   Level
 Vampiric Draining        Necr           20%        2d7       7%          3
 Sandblast                Erth           4%         2d4       16%         1
 Animate Dead             Necr           20%        N/A       22%         4
 Passwall                 Tmut/Erth      1%         N/A       24%         2
 Portal Projectile        Hex/Tloc       4%         N/A       43%         3
 Stone Arrow              Conj/Erth      4%         3d7       43%         3
 Tukima's Dance           Hex            2%         N/A       43%         3
 Agony                    Necr           20%        N/A       54%         5
 Blade Hands              Tmut           1%         N/A       99%         5
 Summon Forest            Summ/Tloc      1%         N/A       99%         5
 Summon Mana Viper        Hex/Summ       2%         N/A       99%         5
 Summon Cactus Giant      Summ           1%         N/A       100%        6


Dungeon Overview and Level Annotations

Branches:
Dungeon (2/15)

Altars:

Annotations:
D:2 Robin


Innate Abilities, Weirdness & Mutations

You cannot wear most types of armour.
You are amphibious.
You can wear up to eight rings at the same time.
Your skin changes colour to match your surroundings (Stealth+).
Your rubbery body absorbs attacks. (AC +1, EV +1)
((You are camouflaged when in or above water. (Stealth+)))
You have tentacles for arms and can constrict up to eight enemies at once.


Message History

You constrict the hobgoblin. The hobgoblin closely misses you.
You hit the hobgoblin. You squeeze the hobgoblin.
You kill the hobgoblin!
You see here a hobgoblin corpse.
Found a stone staircase leading down.
There is a stone staircase leading down here.
A bat comes into view.
The bat closely misses you. The bat misses you.
You closely miss the bat. Your grab misses the bat. You squeeze the bat.
You kill the bat!
An endoplasm comes into view.
The helpless endoplasm fails to defend itself.
You puncture the endoplasm!
You kill the endoplasm!
Found a book of Weapons.
A hobgoblin and 2 goblins come into view.
The goblin shouts!
The hobgoblin shouts!
You hear a shout! x2
You see here a book of Weapons.
Robin and a hobgoblin come into view.
Robin shouts!
You hear a shout!
Robin roars a battlecry!
The goblins go into a battle-frenzy!
The goblin shouts!
Robin throws the goblin at you! The goblin hits you with a dagger.
You hit the goblin. You grab the goblin. You squeeze the goblin.
You kill the goblin!
Robin says, "Kneel, worm!"
The goblin hits you with a +0 dagger.
Casting: Necrotise (safe; 2% risk of failure)
Confirm with . or Enter, or press ? or * to list all spells.
Aiming: Necrotise (safe; 2% risk of failure)
Press: ? - help, Shift-Dir - straight line, f - goblin
Aim: a goblin, wielding a +0 dagger (strong, chance to affect: 89%)
The goblin writhes in agony.
Robin's bangles clink loudly.
The hobgoblin hits you.
* * * LOW HITPOINT WARNING * * *
The goblin hits you with a +0 dagger.
You die...

#.# #.# #.#
######.#
#.#
#......#
#.#
#.######
#.# #.# #.#
##.## #.#
#:..#######
#.#
#.#gggg.g.#
..#########
#..@#####.#
.....<....#
#####
#########.#
#.# #.# #.#
#.# #.# #.#


You could see Robin, 2 hobgoblins and 2 goblins.

Vanquished Creatures
  3 dart slugs
  3 endoplasms
  3 giant cockroaches
  4 goblins
  A hobgoblin (D:2)
  A quokka (D:2)
  2 ball pythons
  2 bats (D:2)
  A frilled lizard (D:2)
  3 kobolds (D:1)
  4 rats
27 creatures vanquished.

Vanquished Creatures (collateral kills)
  A quokka (D:1)
  A frilled lizard (D:1)
  A rat (D:1)
3 creatures vanquished.

Grand Total: 30 creatures vanquished

Notes
Turn   | Place    | Note
-------+----------+-------------------------------------------
     0 | D:1      | Conn the Octopode Necromancer began the quest for the Orb.
     0 | D:1      | Reached XP level 1. HP: 11/11 MP: 3/3
   124 | D:1      | Reached XP level 2. HP: 17/17 MP: 1/5
   490 | D:1      | Found a faded altar of an unknown god.
   709 | D:2      | Reached XP level 3. HP: 20/21 MP: 6/6
  1068 | D:2      | Noticed Robin
  1073 | D:2      | Slain by a goblin

Illustrated notes

Levels and vault maps discovered:
D:1:      eino_arrival_cavern_a, layout_rooms,
          dreamdust_ecumenical_altar_angels_and_demons
D:2:      layout_loops_ring, uniq_robin

Action                   || total
-------------------------++-------
Melee: Unarmed           ||     5
       Constrict         ||     7
       Tentacles         ||     7
       Dagger            ||    11
 Cast: Necrotise         ||    30
 Stab: Sleeping          ||     2
Dodge: Dodged            ||    20

Table legend: (Time is in decaauts)
 A = Elapsed time spent in this place.
 B = Non-inter-level travel time spent in this place.
 C = Inter-level travel time spent in this place.
 D = Time resting spent in this place.
 E = Time spent auto-exploring this place.
 F = Levels seen in this place.
 G = Mean time per level.
                   A        B        C        D        E       F      G
               +--------+--------+--------+--------+--------+-----+--------+
         Total |   1072 |   1044 |     28 |      0 |    602 |   2 |  536.0 |
       Dungeon |   1072 |   1044 |     28 |      0 |    602 |   2 |  536.0 |
               +--------+--------+--------+--------+--------+-----+--------+

Top non-repeatable levels by time:
     D:1: 625 daAuts
     D:2: 446 daAuts
